Map: Tours du crépuscule

Players

ZaZou - Winner!

  • Race: Protoss Protoss
  • League: Silver
  • Spawn Location: 7:00

zidar

  • Race: Zerg Zerg
  • League: Gold
  • Spawn Location: 1:00

VOD

Have the link to the VOD?

Description

Time

  • Played on: June 7, 2016, 1:52 p.m.
  • Length: 6:32
Show
View Real Time Build Order
Export as new Build Order

ZaZou Protoss - Winner!

Build Orders: Oracle Opening 

Get SALT Encoding   

  12  0:01  Probe (Chrono Boost)  
  13  0:11  Probe (Chrono Boost)  
  14  0:20  Pylon  
  14  0:27  Probe (Chrono Boost)  
  15  0:39  Probe (Chrono Boost)  
  16  0:44  Gateway  
  16  0:49  Probe (Chrono Boost)  
  17  0:56  Assimilator  
  17  1:00  Probe (Chrono Boost)  
  17  1:03  Assimilator  
  18  1:10  Probe (Chrono Boost)  
  19  1:21  Probe (Chrono Boost)  
  20  1:25  Pylon  
  20  1:31  Probe (Chrono Boost)  
  21  1:41  Zealot (Chrono Boost)  
  21  1:43  Probe  
  24  1:53  Cybernetics Core  
  24  1:56  Probe  
  25  2:13  Probe  
  26  2:25  Gateway  
  26  2:31  Stargate  
  28  2:37  Stalker (Chrono Boost)  
  28  2:38  Warp Gate (Chrono Boost)  
  28  2:47  Pylon  
  28  3:01  Nexus  
  28  3:16  Oracle (Chrono Boost)  
  31  3:22  Adept  
  33  3:38  Assimilator  
  33  3:45  Stalker  
  35  3:51  Oracle (Chrono Boost)  
  35  3:54  Robotics Facility  
  38  4:12  Stalker  
  38  4:13  Probe, Pylon  
  38  4:16  Probe  
  42  4:28  Probe x2  
  44  4:39  Probe  
  44  4:40  Probe  
  44  4:41  Gateway  
  46  4:48  Adept  
  48  5:29  Immortal  
  52  5:39  Stalker x3  
  58  5:58  Probe  
  58  6:00  Probe  
  60  6:07  Assimilator  
  60  6:09  Probe  
  61  6:12  Probe  
  62  6:19  Pylon  
Show
View Real Time Build Order
Export as new Build Order

zidar Zerg 

Build Orders: Pool First 

Get SALT Encoding   

  12  0:01  Drone  
  13  0:12  Overlord  
  13  0:17  Drone  
  14  0:34  Spawning Pool  
  13  0:37  Drone  
  15  0:45  Drone  
  15  0:46  Drone  
  17  0:53  Spawning Pool  
  17  0:54  Drone  
  17  1:20  Hatchery, Drone  
  17  1:27  Extractor, Drone  
  17  1:32  Drone  
  18  1:40  Drone  
  18  1:44  Queen  
  21  1:52  Overlord  
  21  1:58  Drone  
  22  2:12  Drone  
  23  2:18  Drone  
  23  2:23  Queen  
  25  2:43  Drone  
  26  2:47  Hatchery, Metabolic Boost  
  25  3:11  Roach Warren  
  24  3:24  Drone x9  
  33  3:33  Pneumatized Carapace  
  33  3:34  Extractor  
  32  3:39  Overlord  
  32  3:55  Overlord  
  32  3:56  Overlord  
  32  4:03  Extractor  
  32  4:05  Queen  
  32  4:08  Lair  
  33  4:19  Drone x2  
  33  4:20  Drone  
  33  4:21  Drone x4  
  40  4:25  Drone  
  40  4:26  Drone  
  42  4:37  Extractor  
  41  4:44  Drone x2  
  43  4:49  Drone  
  43  4:50  Drone x8  
  40  5:14  Spore Crawler  
  40  5:21  Drone x6  
  35  5:33  Hydralisk Den, Drone  
  35  5:34  Drone x4  
  39  5:41  Spore Crawler  
  38  5:51  Extractor  
  38  5:54  Extractor  
  34  6:00  Spore Crawler  
  33  6:06  Spore Crawler  
  33  6:11  Spore Crawler  
  31  6:15  Spore Crawler  
  31  6:16  Drone x3  
Tags
 
Add a new tag
Caveats
  • Supply blocks, unpowered buildings, or Contaminate may cause inaccurate times.
  • Supply counts are checked every 10 seconds.